Map: 애씨드 플랜트 - 래더

Players

Rogue - Winner!

  • Race: Zerg Zerg
  • Spawn Location: 5:00

Cure

  • Race: Terran Terran
  • League: Master
  • Spawn Location: 11:00

Event: HomeStory Cup XVIII

VOD

Have the link to the VOD?

Description

Time

  • Played on: Nov. 22, 2018, 9:36 a.m.
  • Length: 18:15

All games in this series

Show
View Real Time Build Order
Export as new Build Order

Rogue Zerg - Winner!

Build Orders: Hatch First 

Get SALT Encoding   

  12  0:00  Drone  
  13  0:12  Overlord  
  13  0:16  Drone  
  14  0:30  Drone x2  
  16  0:48  Hatchery  
  15  0:51  Drone  
  15  0:54  Drone  
  17  0:58  Drone  
  18  1:08  Extractor  
  17  1:13  Spawning Pool  
  17  1:16  Drone  
  17  1:20  Drone  
  18  1:28  Drone  
  19  1:39  Overlord  
  19  1:51  Drone  
  20  2:00  Zergling x4  
  20  2:01  Queen x2  
  26  2:11  Drone x2  
  26  2:13  Metabolic Boost  
  28  2:22  Drone x2  
  30  2:37  Hatchery  
  30  2:39  Drone  
  30  2:44  Queen  
  30  2:47  Drone  
  33  2:51  Overlord  
  33  2:55  Drone  
  33  2:57  Drone x2  
  36  3:14  Drone x4  
  36  3:17  Drone x2, Overlord  
  36  3:18  Drone x2  
  44  3:34  Overlord  
  44  3:37  Drone  
  44  3:39  Drone  
  44  3:41  Queen x2  
  46  3:43  Zergling x4  
  46  3:44  Overlord  
  52  3:49  Queen  
  52  3:51  Overlord  
  54  3:56  Zergling x4  
  54  4:00  Drone x3  
  59  4:03  Drone x2  
  59  4:07  Baneling Nest  
  60  4:10  Drone  
  60  4:13  Spore Crawler  
  60  4:16  Drone x2  
  62  4:22  Drone x5  
  66  4:26  Overlord  
  66  4:28  Zergling x4  
  68  4:31  Overlord  
  68  4:34  Overlord  
  65  4:46  Queen  
  65  4:48  Lair  
  65  4:51  Extractor  
  66  4:52  Extractor  
  66  4:53  Drone  
  66  4:54  Drone x7  
  66  4:58  Zergling x4  
  74  5:01  Drone x2  
  74  5:04  Overlord  
  76  5:09  Drone x4  
  76  5:12  Evolution Chamber  
  76  5:13  Evolution Chamber  
  78  5:17  Overlord x2, Spore Crawler  
  77  5:22  Drone  
  77  5:25  Extractor  
  77  5:27  Extractor  
  77  5:28  Drone x5  
  81  5:31  Drone  
  82  5:40  Drone  
  82  5:41  Drone  
  81  5:44  Drone  
  81  5:45  Drone x2  
  81  5:47  Drone x2  
  86  5:50  Centrifical Hooks  
  86  5:51  Zerg Ground Armor Level 1  
  86  5:56  Hatchery  
  84  6:01  Drone x4  
  88  6:08  Overlord  
  88  6:09  Overlord x2  
  88  6:16  Zergling x2, Hydralisk Den  
  88  6:17  Zergling x4  
  89  6:18  Overlord x2  
  89  6:19  Overlord  
  89  6:29  Zergling x10  
  89  6:30  Baneling  
  89  6:31  Baneling x7  
  94  6:38  Hatchery  
  94  6:39  Drone x4  
  97  6:42  Baneling x2  
  97  6:43  Zergling x4  
  97  6:44  Zergling x6  
  97  6:46  Overlord  
  102  6:52  Grooved Spines  
  102  6:54  Zergling x10  
  102  7:00  Hydralisk  
  102  7:01  Hydralisk  
  108  7:11  Hydralisk x6  
  108  7:12  Overlord  
  118  7:16  Drone  
  118  7:21  Drone x2  
  121  7:27  Queen, Overlord  
  123  7:32  Drone  
  123  7:36  Spore Crawler  
  123  7:38  Hydralisk  
  123  7:39  Hydralisk x7  
  123  7:43  Overlord  
  139  7:45  Drone, Zerg Ground Armor Level 2  
  139  7:50  Drone  
  141  7:51  Extractor  
  141  7:52  Drone  
  141  7:55  Zergling x14  
  145  8:06  Hydralisk  
  145  8:07  Overlord x2  
  145  8:08  Overlord, Hydralisk x4  
  155  8:15  Zerg Melee Weapons Level 1  
  153  8:25  Infestation Pit, Drone x6  
  155  8:27  Extractor  
  155  8:33  Muscular Augments  
  154  8:37  Hatchery  
  154  8:39  Overseer  
  153  8:41  Overlord  
  153  8:42  Pneumatized Carapace  
  153  8:43  Burrow, Zergling x2  
  153  8:44  Zergling x24  
  160  9:03  Overlord  
  160  9:07  Zergling x34  
  173  9:12  Hive  
  173  9:14  Drone x2  
  173  9:15  Spire  
  174  9:19  Zergling x10  
  179  9:29  Baneling x9  
  179  9:31  Zergling x10  
  182  9:32  Baneling x6  
  182  9:33  Baneling x7  
  182  9:39  Baneling x4  
  181  9:48  Drone x4  
  181  9:49  Drone x2  
  181  9:50  Drone x2  
  183  9:54  Drone  
  183  9:55  Drone x2  
  183  9:56  Drone x2  
  183  9:57  Drone  
  186  10:02  Zergling x14  
  191  10:07  Baneling x2  
  191  10:08  Baneling x7  
  191  10:15  Zergling x4  
  191  10:16  Zergling x10  
  176  10:23  Zergling x2  
  176  10:24  Zergling x28  
  191  10:29  Adrenal Glands  
  191  10:30  Ultralisk Cavern  
  191  10:35  Zerg Ground Armor Level 3  
  190  10:39  Hatchery  
  188  10:46  Overseer x2  
  188  10:50  Zergling x26  
  182  11:16  Chitinous Plating  
  182  11:17  Ultralisk x2  
  191  11:42  Baneling  
  191  11:43  Baneling x23  
  191  11:45  Zergling x16  
  199  11:48  Extractor  
  199  11:49  Spine Crawler, Spore Crawler  
  190  11:55  Zergling x2, Ultralisk  
  190  11:56  Zergling x4  
  190  11:58  Drone, Greater Spire  
  199  12:03  Drone x2  
  199  12:06  Zergling x2  
  199  12:07  Zergling x10  
  198  12:12  Overlord  
  193  12:17  Overlord, Spine Crawler x2  
  193  12:18  Drone x2  
  193  12:19  Drone  
  193  12:20  Spore Crawler  
  193  12:21  Spine Crawler  
  191  12:24  Baneling x7  
  191  12:25  Overlord  
  191  12:27  Baneling x13  
  191  12:28  Baneling x3  
  191  12:29  Zergling x4  
  194  12:30  Zergling x2  
  194  12:35  Zergling x4  
  194  12:36  Zergling x6  
  198  12:40  Zergling x2  
  198  12:41  Zerg Melee Weapons Level 2  
  199  12:44  Zergling x2  
  199  12:48  Zergling x4  
  198  12:54  Zergling x12  
  198  12:55  Zergling x12  
  198  12:57  Zergling x18  
  197  13:01  Zergling x18  
  197  13:02  Zergling x8  
  197  13:04  Zergling x12  
  198  13:06  Zergling x6  
  198  13:08  Zergling x2  
  187  13:18  Ultralisk x2  
  195  13:23  Drone x5  
  190  13:30  Drone, Spore Crawler  
  190  13:31  Drone x3  
  176  13:35  Spore Crawler  
  176  13:38  Viper  
  176  13:39  Viper x2, Hatchery  
  182  13:45  Baneling  
  182  13:46  Baneling x18  
  182  13:48  Drone  
  179  13:58  Ultralisk Cavern  
  179  13:59  Drone x3  
  180  14:05  Zergling x30  
  180  14:07  Zergling x4  
  197  14:16  Zerg Flyer Weapons Level 1  
  197  14:20  Baneling x13  
  197  14:21  Baneling x4  
  195  14:31  Zergling x10  
  195  14:34  Zerg Missile Weapons Level 1  
  185  14:39  Hydralisk  
  185  14:40  Hydralisk x5  
  185  14:41  Zergling x6  
  200  14:46  Anabolic Synthesis  
  200  14:57  Overlord  
  195  15:11  Zergling x10  
  195  15:12  Zergling x12  
  193  15:15  Unknown  
  193  15:16  Unknown x2  
  193  15:21  Zergling x10, Ultralisk x3  
  196  15:22  Zergling x2  
  188  15:39  Zergling x18  
  188  15:40  Zergling x4  
  199  15:45  Hatchery  
  198  15:50  Baneling x4  
  198  15:51  Baneling x25  
  198  15:56  Spore Crawler  
  197  15:57  Spore Crawler x3  
  194  16:07  Overseer x3, Spore Crawler  
  193  16:12  Drone x3  
  193  16:16  Spore Crawler  
  193  16:17  Spine Crawler, Spore Crawler  
  193  16:19  Drone x3, Spine Crawler, Spore Crawler  
  193  16:20  Spine Crawler  
  193  16:21  Drone x4, Spore Crawler  
  193  16:24  Spine Crawler, Spore Crawler  
  194  16:26  Zergling x2  
  194  16:27  Zergling x8  
  194  16:30  Drone  
  197  16:33  Overseer x2  
  197  16:37  Baneling  
  197  16:38  Drone x2, Baneling x5  
  174  17:08  Zergling x2  
  174  17:09  Zergling x16  
  174  17:11  Ultralisk  
  174  17:12  Hydralisk x4, Ultralisk x2  
  174  17:14  Zergling x2  
  193  17:20  Evolution Chamber x2  
  189  17:23  Evolution Chamber  
  189  17:27  Hydralisk x6  
  189  17:29  Zergling x2  
  199  17:31  Drone x2  
  199  17:34  Drone  
  199  17:35  Drone x2  
  197  17:42  Baneling x13  
  197  17:43  Baneling x8  
  197  17:47  Extractor x2  
Show
View Real Time Build Order
Export as new Build Order

Cure Terran 

Build Orders: Gas First Reaper Expand, Liberator Opening, Reaper Expand 

Get SALT Encoding   

  12  0:00  SCV  
  13  0:12  SCV  
  14  0:17  Supply Depot  
  14  0:24  SCV  
  14  0:27  Refinery  
  15  0:38  SCV  
  16  0:44  Barracks  
  16  0:50  SCV  
  17  1:02  SCV  
  18  1:15  SCV  
  19  1:30  Orbital Command  
  19  1:31  Reaper  
  20  1:41  Command Center  
  20  1:52  Factory  
  20  1:56  SCV  
  21  2:03  Refinery  
  21  2:05  Barracks Reactor  
  21  2:08  SCV  
  21  2:13  Supply Depot  
  22  2:20  SCV  
  23  2:35  SCV  
  24  2:38  Starport  
  24  2:45  Hellion  
  24  2:46  Hellion  
  24  2:47  SCV  
  29  2:53  Orbital Command  
  29  2:58  Barracks Tech Lab  
  29  2:59  SCV  
  30  3:08  Hellion  
  30  3:09  Hellion  
  30  3:12  SCV  
  35  3:20  SCV  
  35  3:22  Viking  
  35  3:24  SCV  
  39  3:32  Supply Depot, SCV  
  40  3:36  Liberator, SCV  
  40  3:39  Hellion  
  40  3:40  Hellion  
  45  3:44  SCV  
  46  3:49  Supply Depot  
  46  3:53  SCV  
  50  3:56  SCV  
  51  4:04  Marine  
  51  4:05  SCV  
  51  4:08  SCV  
  54  4:14  Command Center  
  54  4:20  Supply Depot  
  54  4:22  Marine, SCV x2  
  57  4:24  Stimpack  
  57  4:25  Factory Reactor  
  57  4:34  SCV x2  
  59  4:44  Marine  
  59  4:45  Barracks  
  58  4:46  SCV x2  
  58  4:48  Barracks  
  60  4:56  Starport Reactor  
  60  4:58  SCV x2  
  62  5:00  Engineering Bay x2  
  62  5:02  Marine  
  63  5:10  SCV x2  
  65  5:16  Refinery  
  65  5:17  Factory Reactor, Refinery  
  65  5:18  Supply Depot x2  
  65  5:20  Marine  
  66  5:22  SCV x2  
  68  5:30  Terran Infantry Weapons Level 1, Terran Infantry Armor Level 1, Orbital Command  
  68  5:33  Marine  
  68  5:34  SCV x2  
  71  5:40  Marine x2  
  73  5:43  Marine x2  
  73  5:46  SCV x2  
  73  5:48  Medivac x2  
  76  5:58  SCV, Orbital Command  
  76  6:00  Marine x3  
  76  6:01  Marine x2  
  76  6:03  SCV  
  79  6:06  Widow Mine x2  
  79  6:10  SCV  
  84  6:13  Supply Depot  
  84  6:14  Supply Depot  
  84  6:18  Barracks  
  84  6:19  Barracks  
  84  6:23  SCV x3  
  84  6:25  Combat Shield  
  87  6:28  Marine x5  
  92  6:35  SCV x2  
  94  6:40  SCV  
  94  6:44  Medivac x2  
  99  6:47  SCV x2  
  99  6:49  Armory  
  99  6:52  SCV  
  99  6:53  Marine x2  
  99  6:54  Marine x3  
  105  6:59  SCV x2  
  109  7:04  SCV  
  110  7:11  Marine x3, SCV  
  110  7:12  Barracks Reactor  
  110  7:13  SCV, Barracks Reactor  
  108  7:16  SCV  
  108  7:17  Marine x2  
  108  7:19  Widow Mine x2  
  115  7:23  SCV  
  115  7:27  Command Center  
  115  7:29  Marine  
  117  7:32  Marine  
  117  7:39  Supply Depot x2  
  117  7:40  Marine x3, Medivac x2  
  117  7:41  Supply Depot  
  117  7:43  Terran Infantry Armor Level 2, Terran Infantry Weapons Level 2  
  124  7:46  Terran Vehicle And Ship Armor Level 1  
  124  7:49  Refinery x2  
  124  7:55  SCV  
  124  7:57  Factory  
  125  8:00  SCV x2  
  127  8:09  Marine x6, Marauder  
  127  8:10  Marine x2  
  127  8:11  Widow Mine x2  
  139  8:18  Supply Depot  
  139  8:19  Supply Depot  
  136  8:21  SCV x3  
  136  8:25  Supply Depot  
  136  8:26  Supply Depot  
  136  8:27  Marine x4  
  137  8:30  Medivac  
  137  8:31  Marauder, Medivac  
  147  8:42  Marine x4  
  147  8:46  Widow Mine x2, Factory Tech Lab  
  155  8:52  Marauder  
  155  8:54  Barracks  
  157  8:56  Barracks  
  157  8:58  Barracks  
  156  9:07  Marine x6  
  156  9:09  Widow Mine x3  
  166  9:11  Drilling Claws  
  166  9:12  SCV  
  166  9:13  Marauder, SCV x2  
  169  9:17  Planetary Fortress  
  169  9:23  Sensor Tower x2  
  165  9:33  Marine x4  
  165  9:35  Marauder  
  171  9:39  Widow Mine x3, Medivac  
  171  9:41  Medivac  
  181  9:49  SCV x3  
  173  10:09  Marine  
  173  10:12  Terran Infantry Weapons Level 3, Terran Infantry Armor Level 3, Terran Vehicle And Ship Armor Level 2  
  172  10:16  Marine x2  
  172  10:17  Marine x2  
  172  10:18  Marauder, Marine x3  
  162  10:24  Barracks Tech Lab x2  
  162  10:25  Barracks Tech Lab  
  162  10:27  Marine  
  162  10:33  Refinery x2, Command Center  
  162  10:34  Marine x2  
  162  10:35  Marine x2  
  166  10:36  Marine x3  
  166  10:39  Marauder  
  171  10:55  Marauder  
  171  10:56  Marine  
  172  10:59  Supply Depot x2  
  172  11:00  Supply Depot  
  172  11:02  Marine x2, Marauder  
  172  11:03  Marine  
  171  11:04  Marauder  
  171  11:09  Widow Mine, Unknown  
  171  11:13  Factory Reactor  
  171  11:14  Supply Depot  
  171  11:15  Supply Depot, Command Center  
  171  11:16  Supply Depot  
  171  11:18  Starport  
  171  11:19  Starport  
  171  11:21  Ghost Academy, Fusion Core, Widow Mine  
  177  11:31  Widow Mine, Liberator x2  
  177  11:42  Marauder x3  
  177  11:43  Widow Mine  
  177  11:44  Marine x2  
  177  11:45  Marauder  
  181  11:47  Marine x6  
  181  11:52  Widow Mine  
  195  12:00  Widow Mine x2  
  195  12:01  Starport Reactor, Starport Tech Lab  
  195  12:04  Widow Mine, Marauder x2, Unknown x2  
  197  12:12  Marauder x2, Concussive Shells  
  197  12:13  Personal Cloaking  
  200  12:21  Widow Mine x2  
  196  12:26  Liberator  
  196  12:33  Widow Mine x2  
  198  12:40  Planetary Fortress  
  198  12:41  Marauder  
  197  12:52  Sensor Tower  
  197  12:53  Unknown  
  197  12:57  Marauder, Marine x2  
  197  12:58  Marine x6, Marauder x2  
  178  12:59  Widow Mine  
  178  13:00  Widow Mine  
  178  13:02  Marauder  
  178  13:04  Medivac x2  
  124  13:13  Orbital Command  
  124  13:15  Marine x3  
  124  13:16  Marine x3  
  124  13:19  Marauder x3  
  126  13:23  Marauder  
  126  13:24  Marine  
  126  13:27  Marine  
  126  13:33  Marine x3  
  124  13:37  SCV x3  
  124  13:39  Nuke  
  124  13:40  Marauder x2  
  124  13:41  Marauder  
  133  13:42  Medivac x4  
  133  13:43  Orbital Command  
  133  13:44  SCV  
  139  13:53  Supply Depot  
  139  13:54  Supply Depot  
  139  13:56  SCV x2  
  139  14:02  Liberator x3  
  139  14:04  Sensor Tower  
  139  14:07  Liberator  
  139  14:15  Marauder, SCV x4  
  154  14:30  Ghost x2  
  154  14:31  Ghost, Liberator  
  145  14:39  SCV x2  
  145  14:40  SCV x2  
  145  14:42  SCV  
  150  14:46  Supply Depot x3  
  150  14:47  Supply Depot  
  150  14:50  Advanced Ballistics, Liberator  
  153  14:56  Widow Mine  
  155  15:00  Missile Turret  
  155  15:02  Missile Turret  
  155  15:08  Widow Mine  
  147  15:24  Ghost x2  
  147  15:26  Widow Mine  
  141  15:29  Widow Mine, Marine x2  
  141  15:30  Marine x2, Marauder x2  
  141  15:31  SCV x4  
  141  15:32  Command Center, SCV  
  141  15:33  Refinery x2, Command Center  
  141  15:35  Refinery  
  156  15:37  Refinery  
  156  15:44  SCV x2  
  156  15:45  SCV x3  
  161  15:55  Ghost Academy  
  163  16:01  Liberator  
  163  16:02  Nuke  
  163  16:06  SCV x4  
  163  16:07  Marauder  
  163  16:09  Marine x4  
  163  16:10  Marine x2  
  163  16:11  Marauder  
  175  16:14  Liberator x2, Sensor Tower  
  178  16:26  Marine  
  185  16:38  Liberator  
  185  16:39  Liberator  
  183  16:46  Orbital Command  
  183  16:49  Command Center  
  183  16:57  Marauder x2  
  140  17:18  Ghost  
  140  17:19  Ghost, Marine x4  
  140  17:20  Marauder x2  
  140  17:22  Unknown  
  136  17:23  Unknown x7  
  136  17:29  Barracks  
  132  17:30  Barracks  
  132  17:35  SCV x2  
  132  17:36  SCV x2  
  128  17:37  Marine x4  
  128  17:41  Marauder x2  
  136  17:46  SCV  
  136  17:47  SCV x2  
  141  18:03  Unknown x2  
Tags
 
Add a new tag
Caveats
  • Supply blocks, unpowered buildings, or Contaminate may cause inaccurate times.
  • Supply counts are checked every 10 seconds.